[Event "Summer Prague Open A 2020"]
[Site "Prague"]
[Date "2020.08.14"]
[Round "8.4"]
[White "Hrabusa, Matej"]
[Black "Svanda, Ondrej"]
[Result "1/2-1/2"]
[ECO "B40"]
[WhiteElo "2342"]
[BlackElo "2219"]
[Annotator "ChessBase"]
[PlyCount "85"]
[EventDate "2020.08.08"]
[EventCountry "CZE"]
[SourceTitle "playchess.com"]
[Source "ChessBase"]
[SourceQuality "1"]
[TimeControl "40/5400+30:1800+30"]

1. e4 c5 2. Nf3 e6 3. d3 Nc6 4. g3 Nf6 5. Bg2 Be7 6. O-O O-O 7. c3 d6 8. Nbd2 Qc7 9. Re1 Bd7 10. a3 Ne5 11. Nxe5 dxe5 12. a4 Bc6 13. Nc4 Nd7 14. b3 Nb6 15. Ne3 Rad8 16. a5 Nc8 17. Nc4 Bf6 18. Qe2 Nd6 19. Ne3 Nb5 20. Bb2 g6 21. Nc4 Nd6 22. Nxd6 Rxd6 23. d4 Rfd8 24. Ba3 R6d7 25. dxc5 Rd2 26. Qc4 Qd7 27. Bc1 Rc2 28. Be3 Qd3 29. Qxd3 Rxd3 30. a6 Rdxc3 31. Reb1 bxa6 32. Rxa6 Bb5 33. Rxa7 Kg7 34. b4 h6 35. Rb7 Bd3 36. Ra1 Bg5 37. Bxg5 hxg5 38. h3 Rc1+ 39. Rxc1 Rxc1+ 40. Kh2 Rc2 41. Rd7 Bb5 42. Rb7 Bd3 43. Kg1 1/2-1/2

[Event "Summer Prague Open A 2020"]
[Site "Prague"]
[Date "2020.08.14"]
[Round "8.5"]
[White "Kasioumis, Vasilios"]
[Black "Pozdnjakov, Viatcheslav"]
[Result "0-1"]
[ECO "C11"]
[WhiteElo "2277"]
[BlackElo "2300"]
[Annotator "ChessBase"]
[PlyCount "90"]
[EventDate "2020.08.08"]
[EventCountry "CZE"]
[SourceTitle "playchess.com"]
[Source "ChessBase"]
[SourceQuality "1"]
[TimeControl "40/5400+30:1800+30"]

1. e4 e6 2. d4 d5 3. Nc3 Nf6 4. e5 Nfd7 5. f4 c5 6. Nf3 Nc6 7. Be3 cxd4 8. Nxd4 Qb6 9. Qd2 Qxb2 10. Rb1 Qa3 11. Bb5 Nxd4 12. Bxd4 a6 13. Bxd7+ Bxd7 14. Rb3 Qe7 15. Rxb7 Rc8 16. O-O Qa3 17. Rfb1 Bc5 18. R7b3 Qa5 19. Qe3 O-O 20. Ne2 Ba4 21. R3b2 Bxd4 22. Nxd4 Rc3 23. Qf2 Rc4 24. a3 Qc3 25. Rb4 Rxb4 26. axb4 Rb8 27. f5 Rxb4 28. Rxb4 Qxb4 29. h3 exf5 30. Nxf5 Bd7 31. Nd6 Be6 32. Kh2 Qc3 33. Qe2 a5 34. Kg1 h6 35. Nb5 Qc5+ 36. Kh1 d4 37. Nd6 a4 38. Qe4 Qd5 39. Qd3 Qxe5 40. Nb5 Qe3 41. Qxe3 dxe3 42. Kg1 f5 43. g3 g5 44. Na3 f4 45. h4 f3 0-1

[Event "Summer Prague Open A 2020"]
[Site "Prague"]
[Date "2020.08.14"]
[Round "8.7"]
[White "Ludvik, Tomas"]
[Black "Roseneck, Jonas"]
[Result "0-1"]
[ECO "D39"]
[WhiteElo "2199"]
[BlackElo "2416"]
[Annotator "ChessBase"]
[PlyCount "58"]
[EventDate "2020.08.08"]
[EventCountry "CZE"]
[SourceTitle "playchess.com"]
[Source "ChessBase"]
[SourceQuality "1"]
[TimeControl "40/5400+30:1800+30"]

1. d4 Nf6 2. c4 e6 3. Nf3 d5 4. Nc3 Bb4 5. Bg5 dxc4 6. e4 b5 7. e5 h6 8. Bd2 Bxc3 9. bxc3 Nd5 10. a4 c6 11. Qb1 a6 12. Be2 Nd7 13. h4 Rb8 14. axb5 axb5 15. h5 c5 16. dxc5 Qc7 17. Qe4 Ne7 18. Rh3 Nxc5 19. Qg4 Nb3 20. Rd1 Nxd2 21. Rxd2 O-O 22. Qf4 b4 23. Bxc4 bxc3 24. Rd4 Rb1+ 25. Ke2 c2 26. Rg3 c1=Q 27. Rxg7+ Kxg7 28. Qf6+ Kh7 29. Rg4 Q7xc4+ 0-1

[Event "Summer Prague Open A 2020"]
[Site "Prague"]
[Date "2020.08.14"]
[Round "8.8"]
[White "Simek, Petr"]
[Black "Kratochvil, Vit"]
[Result "0-1"]
[ECO "A36"]
[WhiteElo "2330"]
[BlackElo "2205"]
[Annotator "ChessBase"]
[PlyCount "74"]
[EventDate "2020.08.08"]
[EventCountry "CZE"]
[SourceTitle "playchess.com"]
[Source "ChessBase"]
[SourceQuality "1"]
[TimeControl "40/5400+30:1800+30"]

1. c4 c5 2. g3 g6 3. Bg2 Bg7 4. Nc3 Nc6 5. a3 d6 6. Rb1 a5 7. Nf3 e5 8. d3 Nge7 9. Bd2 O-O 10. O-O h6 11. Ne1 Be6 12. Nc2 d5 13. cxd5 Nxd5 14. Ne3 Nb6 15. Ne4 Qe7 16. Rc1 Nd7 17. Nc3 Nb6 18. Ne4 Nd7 19. Nc4 Ra6 20. Ned6 Rb8 21. Nb5 Nb6 22. b3 Nd4 23. Nxd4 exd4 24. Nxa5 Nd5 25. a4 Nc3 26. Bxc3 dxc3 27. Nc4 Bg4 28. Re1 b5 29. axb5 Rxb5 30. Qc2 Qa7 31. Ne3 Ra2 32. Qxa2 Qxa2 33. Nxg4 Qxb3 34. Ne3 Rb8 35. Bd5 Qa4 36. Rc2 Rb2 37. Rec1 Bd4 0-1

[Event "Summer Prague Open A 2020"]
[Site "Prague"]
[Date "2020.08.14"]
[Round "8.10"]
[White "Brejnik, Gustav"]
[Black "Houska, Jiri"]
[Result "0-1"]
[ECO "D71"]
[WhiteElo "2257"]
[BlackElo "2196"]
[Annotator "ChessBase"]
[PlyCount "92"]
[EventDate "2020.08.08"]
[EventCountry "CZE"]
[SourceTitle "playchess.com"]
[Source "ChessBase"]
[SourceQuality "1"]
[TimeControl "40/5400+30:1800+30"]

1. d4 Nf6 2. c4 g6 3. g3 Bg7 4. Bg2 d5 5. cxd5 Nxd5 6. Nf3 Nb6 7. O-O Nc6 8. e3 O-O 9. Nc3 Re8 10. Nh4 e5 11. d5 Nb4 12. Qb3 Nd3 13. Rd1 e4 14. Nxe4 Nxc1 15. Raxc1 Bg4 16. Rd2 g5 17. d6 c6 18. d7 Nxd7 19. Nc5 Nxc5 20. Qc2 Qe7 21. Nf5 Bxf5 22. Qxf5 Ne6 23. Be4 Nf8 24. f3 Rad8 25. Rdc2 Rd6 26. h4 gxh4 27. Rh2 Qe5 28. Qxe5 Rxe5 29. Rxh4 Rd2 30. b4 Ng6 31. Rh3 f5 32. Bc2 Rxe3 33. Bxf5 Rxf3 34. Bc8 Bf8 35. Rb1 Rfd3 36. Be6+ Kg7 37. Bb3 Bxb4 38. Rf1 Bc5+ 39. Kh1 Rf2 40. Rc1 Bd6 41. Rh5 Bxg3 42. Ra5 a6 43. Rg5 Bf4 44. Rf5 Rh2+ 45. Kg1 Bxc1 46. Kxh2 Rd7 0-1

[Event "Summer Prague Open A 2020"]
[Site "Prague"]
[Date "2020.08.14"]
[Round "8.11"]
[White "Wedda, Dries"]
[Black "Sprenar, Petr"]
[Result "0-1"]
[ECO "E06"]
[WhiteElo "2172"]
[BlackElo "2285"]
[Annotator "ChessBase"]
[PlyCount "76"]
[EventDate "2020.08.08"]
[EventCountry "CZE"]
[SourceTitle "playchess.com"]
[Source "ChessBase"]
[SourceQuality "1"]
[TimeControl "40/5400+30:1800+30"]

1. d4 Nf6 2. c4 e6 3. Nf3 d5 4. g3 Be7 5. Bg2 O-O 6. O-O dxc4 7. Qc2 c6 8. Qxc4 b5 9. Qb3 Bb7 10. Rd1 Nbd7 11. Nc3 Qb6 12. Be3 Nd5 13. Nxd5 cxd5 14. Bf4 Rfc8 15. Rdc1 a5 16. Rxc8+ Rxc8 17. Rc1 Rxc1+ 18. Bxc1 Qc6 19. Bd2 b4 20. Qd1 Ba6 21. Bf1 a4 22. b3 a3 23. Qc1 Qb7 24. Bf4 Nf6 25. Nd2 Ne8 26. Qc2 g5 27. Be3 Nd6 28. g4 Qc8 29. Qxc8+ Bxc8 30. Nf3 Ne4 31. Bd2 h5 32. h3 f5 33. Be1 fxg4 34. hxg4 hxg4 35. Ne5 Nc3 36. Bxc3 bxc3 37. Nd3 c2 38. e3 Bb4 0-1

[Event "Summer Prague Open A 2020"]
[Site "Prague"]
[Date "2020.08.14"]
[Round "8.13"]
[White "Soural, Jan"]
[Black "Tirelli, Mauro"]
[Result "1/2-1/2"]
[ECO "A04"]
[WhiteElo "2242"]
[BlackElo "2187"]
[Annotator "ChessBase"]
[PlyCount "73"]
[EventDate "2020.08.08"]
[EventCountry "CZE"]
[SourceTitle "playchess.com"]
[Source "ChessBase"]
[SourceQuality "1"]
[TimeControl "40/5400+30:1800+30"]

1. Nf3 c5 2. c4 Nc6 3. Nc3 g6 4. e3 Bg7 5. d4 d6 6. d5 Ne5 7. Nxe5 Bxe5 8. Be2 Bxc3+ 9. bxc3 Qa5 10. O-O f5 11. e4 Nf6 12. exf5 Bxf5 13. Bd3 Qxc3 14. Bxf5 gxf5 15. Bg5 Ne4 16. Qh5+ Kd7 17. Qf7 Nxg5 18. Qxf5+ Kc7 19. Qxg5 Rae8 20. Rae1 Qf6 21. Qe3 Rhg8 22. g3 h5 23. Qe6 h4 24. Re3 Qxe6 25. Rxe6 Rg4 26. Rc1 Kd7 27. Kg2 Rf8 28. Rce1 Rf7 29. R1e4 h3+ 30. Kf1 Rxe4 31. Rxe4 Rf3 32. Re3 Rf5 33. Rb3 Kc7 34. Re3 Kd7 35. Rb3 Kc7 36. Re3 Kd7 37. a4 1/2-1/2

[Event "Summer Prague Open A 2020"]
[Site "Prague"]
[Date "2020.08.14"]
[Round "8.14"]
[White "Csiki, Endre"]
[Black "Haack, Kevin"]
[Result "1-0"]
[ECO "B90"]
[WhiteElo "2266"]
[BlackElo "2180"]
[Annotator "ChessBase"]
[PlyCount "81"]
[EventDate "2020.08.08"]
[EventCountry "CZE"]
[SourceTitle "playchess.com"]
[Source "ChessBase"]
[SourceQuality "1"]
[TimeControl "40/5400+30:1800+30"]

1. e4 c5 2. Nf3 d6 3. d4 cxd4 4. Nxd4 Nf6 5. Nc3 a6 6. Bc4 e6 7. Bb3 Nbd7 8. Bg5 Nc5 9. O-O Be7 10. Qe1 O-O 11. Rd1 Qc7 12. f4 b5 13. a3 Nxb3 14. cxb3 Re8 15. Qg3 Bb7 16. f5 Nh5 17. Qh4 Bxg5 18. Qxg5 e5 19. Ndxb5 axb5 20. Qxh5 f6 21. Rf3 b4 22. axb4 Qb6+ 23. Kh1 Qxb4 24. Rh3 h6 25. Rg3 Kf8 26. Rxg7 Kxg7 27. Qg6+ Kf8 28. Qxf6+ Kg8 29. Qg6+ Kf8 30. f6 Re7 31. fxe7+ Kxe7 32. Qg7+ Kd8 33. Rf1 Bc6 34. Rf8+ Be8 35. Rxe8+ Kxe8 36. Qg8+ Kd7 37. Qxa8 Qxb3 38. Qa4+ Qxa4 39. Nxa4 Kc6 40. Nc3 Kc5 41. g4 1-0

[Event "Summer Prague Open A 2020"]
[Site "Prague"]
[Date "2020.08.14"]
[Round "8.15"]
[White "Toman, Ondrej"]
[Black "Schnider, Gert"]
[Result "1/2-1/2"]
[ECO "A45"]
[WhiteElo "2206"]
[BlackElo "2423"]
[Annotator "ChessBase"]
[PlyCount "90"]
[EventDate "2020.08.08"]
[EventCountry "CZE"]
[SourceTitle "playchess.com"]
[Source "ChessBase"]
[SourceQuality "1"]
[TimeControl "40/5400+30:1800+30"]

1. d4 Nf6 2. Bf4 g6 3. Nc3 d5 4. e3 Bg7 5. h4 h5 6. Nf3 O-O 7. Be2 c5 8. Qd2 Qa5 9. O-O Nc6 10. Rfd1 cxd4 11. exd4 Bf5 12. Ne5 Rac8 13. a3 Qd8 14. Nxc6 Rxc6 15. Be5 Kh7 16. Bd3 Bxd3 17. Qxd3 Qd7 18. Qf3 Rd8 19. Rd3 Kg8 20. Re1 Rb6 21. Rb1 Bh6 22. Bf4 Bf8 23. Qe2 Rc8 24. f3 Ne8 25. Nd1 Nc7 26. Bxc7 Rxc7 27. c3 Bh6 28. Nf2 Bf4 29. Nh1 Qf5 30. Rbd1 Re6 31. Qf2 Qf6 32. g3 Bd6 33. f4 Qf5 34. Qf3 Rc6 35. Nf2 Bc7 36. R3d2 Bb6 37. Kf1 Rc8 38. Re2 Rxe2 39. Qxe2 e6 40. Kg2 Qf6 41. Qb5 Qd8 42. Re1 Kg7 43. Nd3 Qe8 44. Qb3 Qd8 45. Re2 Rc7 1/2-1/2

[Event "Summer Prague Open A 2020"]
[Site "Prague"]
[Date "2020.08.14"]
[Round "8.16"]
[White "Schernthaner, David"]
[Black "Miedema, David"]
[Result "0-1"]
[ECO "C09"]
[WhiteElo "2220"]
[BlackElo "2382"]
[Annotator "ChessBase"]
[PlyCount "70"]
[EventDate "2020.08.08"]
[EventCountry "CZE"]
[SourceTitle "playchess.com"]
[Source "ChessBase"]
[SourceQuality "1"]
[TimeControl "40/5400+30:1800+30"]

1. e4 e6 2. d4 d5 3. Nd2 c5 4. exd5 exd5 5. Ngf3 Nc6 6. Bb5 Qe7+ 7. Qe2 Qxe2+ 8. Kxe2 a6 9. Bxc6+ bxc6 10. dxc5 Bxc5 11. Nb3 Bd6 12. Re1 Ne7 13. Be3 f6 14. Bc5 Kd7 15. Kd2 a5 16. c3 a4 17. Bxd6 Kxd6 18. Nc5 Ng6 19. Nd3 Rb8 20. Rab1 Bg4 21. Nd4 Ne5 22. Nxe5 fxe5 23. f3 exd4 24. fxg4 dxc3+ 25. bxc3 Rhf8 26. Kd3 Rxb1 27. Rxb1 Rf2 28. Rb7 Rxg2 29. Rxg7 Rxh2 30. Ra7 Rxa2 31. Rxh7 Rg2 32. Rg7 Kc5 33. g5 Rg3+ 34. Kd2 Kc4 35. g6 Rg2+ 0-1

[Event "Summer Prague Open A 2020"]
[Site "Prague"]
[Date "2020.08.14"]
[Round "8.18"]
[White "Jedlicka, Ales"]
[Black "Mica, Marek"]
[Result "1/2-1/2"]
[ECO "A64"]
[WhiteElo "2212"]
[BlackElo "2324"]
[Annotator "ChessBase"]
[PlyCount "84"]
[EventDate "2020.08.08"]
[EventCountry "CZE"]
[SourceTitle "playchess.com"]
[Source "ChessBase"]
[SourceQuality "1"]
[TimeControl "40/5400+30:1800+30"]

1. d4 Nf6 2. c4 e6 3. g3 c5 4. d5 exd5 5. cxd5 d6 6. Nc3 g6 7. Bg2 Bg7 8. Nf3 O-O 9. O-O Re8 10. Nd2 a6 11. a4 Nbd7 12. h3 Rb8 13. a5 b5 14. axb6 Nxb6 15. Nb3 Nc4 16. Ra4 Qb6 17. Rxc4 Qxb3 18. Ra4 Qb6 19. Qd3 Ra8 20. Ra3 Bd7 21. Qc2 Rab8 22. Kh2 Re7 23. e4 Bb5 24. Re1 Nd7 25. Bg5 f6 26. Bd2 Ne5 27. Nxb5 Qxb5 28. b3 c4 29. bxc4 Nxc4 30. Ra2 Nxd2 31. Qxd2 Rbe8 32. Qc2 f5 33. Rb1 Qd7 34. exf5 gxf5 35. Qc6 f4 36. Qxd7 fxg3+ 37. fxg3 Rxd7 38. Rxa6 Be5 39. Ra3 Rc7 40. h4 Rf8 41. Rf1 Rxf1 42. Bxf1 Rc3 1/2-1/2

[Event "Summer Prague Open A 2020"]
[Site "Prague"]
[Date "2020.08.14"]
[Round "8.19"]
[White "Malassagne, Raphael"]
[Black "Iolis, Oleg"]
[Result "1/2-1/2"]
[ECO "A45"]
[WhiteElo "2305"]
[BlackElo "2166"]
[Annotator "ChessBase"]
[PlyCount "102"]
[EventDate "2020.08.08"]
[EventCountry "CZE"]
[SourceTitle "playchess.com"]
[Source "ChessBase"]
[SourceQuality "1"]
[TimeControl "40/5400+30:1800+30"]

1. d4 Nf6 2. Bf4 g6 3. Nc3 d5 4. e3 Bg7 5. h4 c5 6. Nb5 Na6 7. c3 cxd4 8. exd4 h5 9. a4 O-O 10. Be2 Re8 11. Nf3 Bg4 12. Ne5 Bxe2 13. Qxe2 Qc8 14. f3 Nd7 15. g4 Nxe5 16. dxe5 hxg4 17. fxg4 Qc4 18. Rf1 Nc5 19. Rf3 Qxe2+ 20. Kxe2 Ne6 21. Bg3 a6 22. Nd4 Nxd4+ 23. cxd4 Rac8 24. Rc3 Rxc3 25. bxc3 Rc8 26. Kd3 Rc6 27. Rb1 b6 28. Bf4 Bf8 29. h5 gxh5 30. gxh5 Kh7 31. Bg5 f6 32. exf6 exf6 33. Bf4 Bh6 34. Rf1 Bxf4 35. Rxf4 Kg7 36. Rf5 Rd6 37. Kc2 Kf7 38. Rf1 Rd8 39. Kd3 Rh8 40. Rh1 b5 41. axb5 axb5 42. Kc2 f5 43. Kd3 Kf6 44. Ke3 Rc8 45. h6 Rxc3+ 46. Kf4 Rc8 47. h7 Rh8 48. Rh6+ Kg7 49. Rb6 Re8 50. Kxf5 Re4 51. Rb7+ Kh6 1/2-1/2

[Event "Summer Prague Open A 2020"]
[Site "Prague"]
[Date "2020.08.14"]
[Round "8.20"]
[White "Vorisek, Jakub"]
[Black "Mirimanian, Hayk"]
[Result "1/2-1/2"]
[ECO "B42"]
[WhiteElo "2221"]
[BlackElo "2268"]
[Annotator "ChessBase"]
[PlyCount "60"]
[EventDate "2020.08.08"]
[EventCountry "CZE"]
[SourceTitle "playchess.com"]
[Source "ChessBase"]
[SourceQuality "1"]
[TimeControl "40/5400+30:1800+30"]

1. e4 c5 2. Nf3 e6 3. d4 cxd4 4. Nxd4 a6 5. Bd3 Bc5 6. Nb3 Ba7 7. O-O Nc6 8. Nc3 Nf6 9. Qe2 d6 10. Bg5 h6 11. Bh4 g5 12. Bg3 e5 13. Kh1 Ne7 14. f3 h5 15. Rad1 Ng6 16. Bf2 Nf4 17. Qd2 Bxf2 18. Rxf2 Be6 19. Bf1 Qb6 20. Na4 Qa7 21. Qxd6 Qxf2 22. Nb6 Bh3 23. gxh3 Qxf3+ 24. Kg1 Qe3+ 25. Kh1 Qxe4+ 26. Kg1 Qe3+ 27. Kh1 Qf3+ 28. Kg1 Qe3+ 29. Kh1 Qe4+ 30. Kg1 Qe3+ 1/2-1/2

[Event "Summer Prague Open A 2020"]
[Site "Prague"]
[Date "2020.08.15"]
[Round "9.4"]
[White "Roseneck, Jonas"]
[Black "Kratochvil, Vit"]
[Result "1-0"]
[ECO "B27"]
[WhiteElo "2416"]
[BlackElo "2205"]
[Annotator "ChessBase"]
[PlyCount "69"]
[EventDate "2020.08.08"]
[EventCountry "CZE"]
[SourceTitle "playchess.com"]
[Source "ChessBase"]
[SourceQuality "1"]
[TimeControl "40/5400+30:1800+30"]

1. e4 c5 2. Nf3 g6 3. d4 cxd4 4. Nxd4 Bg7 5. c4 Nf6 6. Nc3 d6 7. Be2 O-O 8. Be3 Nc6 9. f3 Bd7 10. Qd2 Nxd4 11. Bxd4 a5 12. h4 a4 13. h5 Qa5 14. g4 Rac8 15. Kf2 Be6 16. b3 b5 17. h6 Bh8 18. g5 b4 19. gxf6 bxc3 20. Bxc3 Qb6+ 21. Bd4 Qd8 22. fxe7 Qxe7 23. Bxh8 Kxh8 24. Qd4+ f6 25. Rad1 Rc6 26. b4 Qc7 27. b5 Rb6 28. Rd2 Kg8 29. f4 f5 30. e5 Rd8 31. c5 Rbb8 32. exd6 Qf7 33. c6 Rbc8 34. d7 Ra8 35. b6 1-0

[Event "Summer Prague Open A 2020"]
[Site "Prague"]
[Date "2020.08.15"]
[Round "9.9"]
[White "Mladek, Richard"]
[Black "Richter, Philipp"]
[Result "1/2-1/2"]
[ECO "C05"]
[WhiteElo "2280"]
[BlackElo "2127"]
[Annotator "ChessBase"]
[PlyCount "70"]
[EventDate "2020.08.08"]
[EventCountry "CZE"]
[SourceTitle "playchess.com"]
[Source "ChessBase"]
[SourceQuality "1"]
[TimeControl "40/5400+30:1800+30"]

1. e4 e6 2. d4 d5 3. Nd2 Nf6 4. e5 Nfd7 5. Bd3 c5 6. c3 Nc6 7. Ngf3 g6 8. O-O Bg7 9. Re1 O-O 10. a3 Qb6 11. b4 cxd4 12. cxd4 Nxd4 13. Bb2 Nc6 14. b5 Nc5 15. Bf1 a6 16. a4 axb5 17. axb5 Rxa1 18. Bxa1 Ne7 19. Qc2 Nd7 20. Nb3 f6 21. Bd4 Qd8 22. exf6 Nxf6 23. Nc5 Nf5 24. Nxe6 Bxe6 25. Rxe6 Nxd4 26. Nxd4 Ne4 27. Rxe4 dxe4 28. Bc4+ Kh8 29. Ne6 Qe7 30. Nxf8 Bxf8 31. Qd2 Qe5 32. Qd8 Kg7 33. Qd7+ Kh6 34. Qh3+ Kg7 35. Qd7+ Kh6 1/2-1/2

[Event "Summer Prague Open A 2020"]
[Site "Prague"]
[Date "2020.08.15"]
[Round "9.10"]
[White "Defromont, Benjamin"]
[Black "Csiki, Endre"]
[Result "1/2-1/2"]
[ECO "C47"]
[WhiteElo "2236"]
[BlackElo "2266"]
[Annotator "ChessBase"]
[PlyCount "56"]
[EventDate "2020.08.08"]
[EventCountry "CZE"]
[SourceTitle "playchess.com"]
[Source "ChessBase"]
[SourceQuality "1"]
[TimeControl "40/5400+30:1800+30"]

1. e4 e5 2. Nf3 Nc6 3. Nc3 Nf6 4. d4 exd4 5. Nxd4 Bb4 6. Nxc6 bxc6 7. Bd3 d5 8. exd5 O-O 9. O-O cxd5 10. Qf3 c6 11. Bg5 Be7 12. h3 Be6 13. Ne2 h6 14. Bf4 c5 15. Ng3 Bd6 16. Rfe1 Bxf4 17. Qxf4 Qb8 18. Qxb8 Raxb8 19. b3 Rfe8 20. Rad1 Kf8 21. Be2 Bd7 22. Bf3 Rxe1+ 23. Rxe1 Re8 24. Rxe8+ Kxe8 25. Nh5 Nxh5 26. Bxh5 Bf5 27. Bf3 Bxc2 28. Bxd5 Ke7 1/2-1/2

[Event "Summer Prague Open A 2020"]
[Site "Prague"]
[Date "2020.08.15"]
[Round "9.11"]
[White "Slampa, Jan"]
[Black "Marakovits, Nico"]
[Result "1-0"]
[ECO "B30"]
[WhiteElo "2264"]
[BlackElo "2105"]
[Annotator "ChessBase"]
[PlyCount "77"]
[EventDate "2020.08.08"]
[EventCountry "CZE"]
[SourceTitle "playchess.com"]
[Source "ChessBase"]
[SourceQuality "1"]
[TimeControl "40/5400+30:1800+30"]

1. e4 c5 2. Nf3 Nc6 3. Nc3 e5 4. Bc4 d6 5. d3 Be7 6. Be3 Nf6 7. h3 h6 8. a3 a6 9. Nd5 Nd4 10. Nh2 Nxd5 11. Bxd5 O-O 12. c3 Ne6 13. Qd2 Bg5 14. O-O Bxe3 15. fxe3 Nc7 16. Ba2 Be6 17. b4 cxb4 18. axb4 d5 19. exd5 Bxd5 20. c4 Be6 21. Qc3 Qg5 22. Rf3 Rac8 23. Kh1 Nb5 24. Qe1 Nd6 25. Rg3 Qe7 26. e4 b5 27. c5 Ne8 28. Ng4 Bxg4 29. Rxg4 Nf6 30. Qh4 Rc7 31. Rg3 Kh7 32. Rf1 a5 33. Rgf3 Rc6 34. g4 Nd5 35. Qxe7 Nxe7 36. Rxf7 Rxf7 37. Rxf7 Ng6 38. Bd5 Rc8 39. Bb7 1-0

[Event "Summer Prague Open A 2020"]
[Site "Prague"]
[Date "2020.08.15"]
[Round "9.13"]
[White "Schnider, Gert"]
[Black "Jedlicka, Ales"]
[Result "1-0"]
[ECO "E94"]
[WhiteElo "2423"]
[BlackElo "2194"]
[Annotator "ChessBase"]
[PlyCount "119"]
[EventDate "2020.08.08"]
[EventCountry "CZE"]
[SourceTitle "playchess.com"]
[Source "ChessBase"]
[SourceQuality "1"]
[TimeControl "40/5400+30:1800+30"]

1. d4 Nf6 2. c4 g6 3. Nc3 Bg7 4. e4 d6 5. Nf3 O-O 6. Be2 e5 7. O-O exd4 8. Nxd4 Re8 9. f3 c6 10. Kh1 Nbd7 11. Bg5 Qb6 12. Nb3 a5 13. Qd2 a4 14. Be3 Qd8 15. Nd4 Nc5 16. Rad1 Nfd7 17. Rfe1 Qe7 18. Bf1 Be5 19. Bg5 Qf8 20. Nde2 Nb6 21. Nd4 Ne6 22. Be3 Nxd4 23. Bxd4 c5 24. Bf2 Be6 25. Nb5 Bxc4 26. f4 Bxf1 27. Rxf1 Nc4 28. Qc2 Nxb2 29. fxe5 Nxd1 30. Rxd1 Rxe5 31. Bg3 Rg5 32. Bxd6 Qg7 33. e5 Rxe5 34. Bxe5 Qxe5 35. h3 a3 36. Qc4 Ra6 37. Nc3 Re6 38. Rf1 Qd4 39. Qxd4 cxd4 40. Nb5 Re2 41. Nxa3 Rxa2 42. Nb5 d3 43. Rd1 d2 44. Nd4 Kg7 45. Kg1 Kf6 46. Kf2 g5 47. Ke3 h5 48. Nf3 g4 49. hxg4 hxg4 50. Nxd2 Ke5 51. Nc4+ Kf5 52. Rd5+ Ke6 53. Rd6+ Kf5 54. g3 Rg2 55. Rd5+ Ke6 56. Re5+ Kf6 57. Kf4 Rc2 58. Re4 b5 59. Ne3 Rf2+ 60. Kxg4 1-0

[Event "Summer Prague Open A 2020"]
[Site "Prague"]
[Date "2020.08.15"]
[Round "9.14"]
[White "Mica, Marek"]
[Black "Vorisek, Jakub"]
[Result "1-0"]
[ECO "A58"]
[WhiteElo "2306"]
[BlackElo "2205"]
[Annotator "ChessBase"]
[PlyCount "53"]
[EventDate "2020.08.08"]
[EventCountry "CZE"]
[SourceTitle "playchess.com"]
[Source "ChessBase"]
[SourceQuality "1"]
[TimeControl "40/5400+30:1800+30"]

1. d4 Nf6 2. c4 c5 3. d5 b5 4. cxb5 a6 5. bxa6 g6 6. Nc3 Bg7 7. e4 O-O 8. e5 Ne8 9. Nf3 d6 10. exd6 exd6 11. Be2 Qa5 12. Bd2 Bxa6 13. O-O Nc7 14. a4 Bxe2 15. Qxe2 Qb6 16. Bf4 Re8 17. Qd2 Nd7 18. Rfe1 Reb8 19. Re2 c4 20. Re4 Nc5 21. Rxc4 Nb3 22. Qd1 Nxa1 23. Qxa1 Bxc3 24. Rxc3 Nxd5 25. Be3 Qxb2 26. Rc8+ Rxc8 27. Qxb2 1-0

[Event "Summer Prague Open A 2020"]
[Site "Prague"]
[Date "2020.08.15"]
[Round "9.17"]
[White "Post, Hugo"]
[Black "Pasti, Aron"]
[Result "0-1"]
[ECO "C99"]
[WhiteElo "2203"]
[BlackElo "2325"]
[Annotator "ChessBase"]
[PlyCount "78"]
[EventDate "2020.08.08"]
[EventCountry "CZE"]
[SourceTitle "playchess.com"]
[Source "ChessBase"]
[SourceQuality "1"]
[TimeControl "40/5400+30:1800+30"]

1. e4 e5 2. Nf3 Nc6 3. Bb5 a6 4. Ba4 Nf6 5. O-O Be7 6. Re1 b5 7. Bb3 d6 8. c3 O-O 9. h3 Na5 10. Bc2 c5 11. d4 Qc7 12. Nbd2 cxd4 13. cxd4 Nc6 14. Nb3 a5 15. Be3 a4 16. Nbd2 Nb4 17. Bb1 Bd7 18. a3 Nc6 19. Bd3 Rfc8 20. Qe2 Rab8 21. Rac1 Qb7 22. Nf1 Bf8 23. Ng3 g6 24. Qd2 b4 25. d5 Na5 26. Rxc8 Qxc8 27. axb4 Nb3 28. Qc3 Qb7 29. b5 Bxb5 30. Bxb5 Qxb5 31. Bg5 Nd7 32. Nh4 Nd4 33. Rb1 Nc5 34. Be3 Nxe4 35. Qc7 Nxg3 36. fxg3 a3 37. Rf1 Rb7 38. Qd8 Qxf1+ 39. Kxf1 axb2 0-1

[Event "Summer Prague Open A 2020"]
[Site "Prague"]
[Date "2020.08.15"]
[Round "9.20"]
[White "Jun, Rudolf"]
[Black "Brejnik, Gustav"]
[Result "1/2-1/2"]
[ECO "B10"]
[WhiteElo "2094"]
[BlackElo "2265"]
[Annotator "ChessBase"]
[PlyCount "34"]
[EventDate "2020.08.08"]
[EventCountry "CZE"]
[SourceTitle "playchess.com"]
[Source "ChessBase"]
[SourceQuality "1"]
[TimeControl "40/5400+30:1800+30"]

1. e4 c6 2. d3 d5 3. Nd2 e5 4. Ngf3 Bd6 5. g3 Nf6 6. Bg2 O-O 7. O-O Nbd7 8. Re1 Qc7 9. a4 a5 10. b3 Re8 11. Bb2 b6 12. d4 dxe4 13. Nxe5 Nxe5 14. dxe5 Bxe5 15. Nxe4 Nxe4 16. Bxe5 Rxe5 17. Bxe4 Bf5 1/2-1/2